 Seeded DCSS version 0.30.0-5-g1a98f26d00 (webtiles) character file.

Game seed: 8273583496444820923 (custom seed)

54999 hbarley the Severer (level 14, -2/121 HPs)
             Began as a Minotaur Fighter on May 12, 2023.
             Was the Champion of Uskayaw.
             Slain by a skeletal warrior
             ... wielding a +0 trident
              (7 damage)
             ... on level 13 of the Dungeon.
             The game lasted 00:45:53 (18520 turns).

hbarley the Severer (Minotaur Fighter)             Turns: 18520, Time: 00:45:54

Health: -2/121     AC: 24    Str: 37    XL:     14   Next: 36%
Magic:  22/22      EV: 12    Int:  1    God:    Uskayaw [******]
Gold:   1023       SH: 25    Dex: 10    Spells: 13/13 levels left

rFire   + + .        a - +9 lance "Wyrmbane" {slay drac, rPois rF+ rC+ AC+3}
rCold   + . .        Z - +10 tower shield of Ignorance {rN+ Int-4}
rNeg    + + +        v - +9 ring mail of the Good {-Cast Fly rElec rPois Dex+3}
rPois   +            (helmet restricted)
rElec   +            A - scarf of Quxid {rC+ rF+, rN++ Str+3 Dex-4}
rCorr   .            j - +2 pair of gloves
SInv    .            n - +0 pair of boots
Will    +++..        K - amulet of the acrobat
Stlth   +++          t - ring "Mararil" {rElec rC- Will++ MP+9 Str+3}
HPRegen 0.40/turn    z - +6 ring of strength
MPRegen 0.18/turn

%: no spellcasting, acrobat
@: mighty, flying
A: horns 2, retaliatory headbutt
a: Renounce Religion, Stomp, Line Pass, Grand Finale


You were on level 13 of the Dungeon.
You worshipped Uskayaw.
Uskayaw was noncommittal.
You visited 3 branches of the dungeon, and saw 19 of its levels.
You also visited: Gauntlet.

You collected 1135 gold pieces.
You spent 112 gold pieces at shops.

Inventory:

Hand Weapons
 a - the +9 lance "Wyrmbane" (weapon) {slay drac, rPois rF+ rC+ AC+3}
   (You took it off Maggie on level 9 of the Dungeon)

   AC:        It affects your AC (+3).
   rF:        It protects you from fire.
   rC:        It protects you from cold.
   rPois:     It protects you from poison.
 B - the +8 hand axe "Murmur" {freeze, Dex+3}
   (You found it on level 5 of the Dungeon)

   Dex:       It affects your dexterity (+3).
Missiles
 L - 7 throwing nets (quivered)
Armour
 c - the +4 chain mail of the Komodo Dragon {+Inv rF+ Str+2 Dex-4}
   (You found it on level 4 of the Lair of Beasts)

   Str:       It affects your strength (+2).
   Dex:       It affects your dexterity (-4).
   rF:        It protects you from fire.
   +Inv:      It lets you turn invisible.
 j - a +2 pair of gloves (worn)
 n - a +0 pair of boots (worn)
 v - the +9 ring mail of the Good (worn) {-Cast Fly rElec rPois Dex+3}
   (You found it on level 11 of the Dungeon)

   Dex:       It affects your dexterity (+3).
   rElec:     It insulates you from electricity.
   rPois:     It protects you from poison.
   Fly:       It grants you flight.
   -Cast:     It prevents spellcasting.
 A - the scarf of Quxid (worn) {rC+ rF+, rN++ Str+3 Dex-4}
   (You found it on level 5 of the Dungeon)

   Str:       It affects your strength (+3).
   Dex:       It affects your dexterity (-4).
   rN:        It greatly protects you from negative energy.
 Z - the +10 tower shield of Ignorance (worn) {rN+ Int-4}
   (You found it in a Gauntlet)

   Int:       It affects your intelligence (-4).
   rN:        It protects you from negative energy.
Jewellery
 b - a +6 ring of strength
 k - an amulet of reflection
 r - an amulet of guardian spirit
 t - the ring "Mararil" (left hand) {rElec rC- Will++ MP+9 Str+3}
   (You found it on level 12 of the Dungeon)

   [ring of magical power]

   Str:       It affects your strength (+3).
   rC:        It makes you vulnerable to cold.
   rElec:     It insulates you from electricity.
   MP:        It affects your magic capacity (+9).
   Will:      It greatly increases your willpower.
 z - a +6 ring of strength (right hand)
 K - an amulet of the acrobat (around neck)
 M - a +5 ring of evasion
 T - a ring of resist corrosion
 X - a ring of protection from cold
Wands
 u - a wand of paralysis (6)
 y - a wand of polymorph (29)
 F - a wand of mindburst (16)
 N - a wand of iceblast (18)
 Q - a wand of digging (4)
 V - a wand of flame (29)
 W - a wand of light (4)
Scrolls
 f - 3 scrolls of poison
 g - a scroll of acquirement {unknown}
 i - 4 scrolls of identify
 l - a scroll of immolation {unknown}
 o - 7 scrolls of fear
 x - a scroll of noise {unknown}
 C - a scroll of butterflies {unknown}
 D - 4 scrolls of magic mapping
 I - a scroll of fog {unknown}
 J - 3 scrolls of enchant armour
 O - 2 scrolls of enchant weapon {unknown}
 R - 5 scrolls of teleportation
 S - a scroll of silence {unknown}
 U - a scroll of torment {unknown}
 Y - a scroll of blinking {unknown}
Potions
 d - 3 potions of might
 e - 3 potions of flight
 h - 6 potions of mutation
 m - 2 potions of magic
 p - 12 potions of curing
 q - 7 potions of cancellation
 s - a potion of attraction {unknown}
 w - a potion of ambrosia {unknown}
 E - 2 potions of degeneration {unknown}
 G - a potion of brilliance
 H - 4 potions of resistance
 P - 2 potions of invisibility {unknown}


   Skills:
 + Level 10.1 Fighting
 * Level 16.1(18.4) Axes
 * Level 14.9(17.8) Polearms
 + Level 10.3 Armour
 + Level 7.0 Dodging
 + Level 8.6 Stealth
 + Level 10.5 Shields


You had 13 spell levels left.
You didn't know any spells.
Your spell library contained the following spells:

 Spells                   Type           Power      Damage    Failure   Level
 Blink                    Tloc           0%         N/A       97%         2
 Lesser Beckoning         Tloc           0%         N/A       97%         2
 Momentum Strike          Conj/Tloc      0%         3d8       97%         2
 Static Discharge         Conj/Air       0%         2-2/arc   97%         2
 Sublimation of Blood     Necr           0%         N/A       97%         2
 Wereblood                Tmut           0%         N/A       97%         2
 Inner Flame              Hex/Fire       0%         N/A       99%         3
 Mephitic Cloud           Conj/Pois/Air  0%         N/A       99%         3
 Portal Projectile        Hex/Tloc       0%         N/A       99%         3
 Tukima's Dance           Hex            0%         N/A       99%         3
 Vhi's Electric Charge    Tloc/Air       0%         N/A       99%         3
 Airstrike                Air            0%         2d(0-16)  100%        4
 Passage of Golubria      Tloc           0%         N/A       100%        4
 Petrify                  Tmut/Erth      0%         N/A       100%        4
 Summon Lightning Spire   Summ/Air       0%         N/A       100%        4
 Arcjolt                  Conj/Air       0%         1d10      100%        5
 Blade Hands              Tmut           0%         N/A       100%        5
 Metabolic Englaciation   Hex/Ice        0%         N/A       100%        5
 Silence                  Hex/Air        0%         N/A       100%        5
 Yara's Violent Unravell  Hex/Tmut       0%         3d3       100%        5
 Eringya's Noxious Bog    Tmut/Pois      0%         N/A       100%        6
 Plasma Beam              Fire/Air       0%         2x1d11    100%        6
 Statue Form              Tmut/Erth      0%         N/A       100%        6
 Enfeeble                 Hex            0%         N/A       100%        7
 Summon Hydra             Summ           0%         N/A       100%        7
 Lehudib's Crystal Spear  Conj/Erth      0%         10d2      100%        8


Dungeon Overview and Level Annotations

Branches:
Dungeon (13/15)            Temple (1/1) D:5            Lair (5/5) D:8
  Swamp (0/4) Lair:3        Snake (0/4) Lair:3        Slime (0/5) Lair:4
    Orc (0/2) D:11        Gauntlet (visited)
 Vaults: D:13-14

Altars:
Ashenzari
Cheibriados
Elyvilon
Fedhas
Gozag
Kikubaaqudgha
Okawaru
Qazlal
Sif Muna
Uskayaw
Wu Jian
Xom
Yredelemnul
Zin
The Shining One
Jiyva

Shops:
D:6 =(=*   D:8 *


Innate Abilities, Weirdness & Mutations

You have a pair of horns on your head.
You reflexively headbutt those who attack you in melee.


Message History

You impale the purple ugly thing!! You headbutt the purple ugly thing!!
The purple ugly thing is severely wounded.
You block the skeletal warrior's attack. x2
The skeletal warrior hits you with a +0 battleaxe!
* * * LOW HITPOINT WARNING * * *
The skeletal warrior hits you but does no damage.
The tengu warrior barely misses you. You block the tengu warrior's attack.
The tengu warrior barely misses you.
You impale the purple ugly thing!!
You kill the purple ugly thing!
You block the tengu warrior's attack. x3; The skeletal warrior misses you.
You furiously retaliate!
You headbutt the skeletal warrior.
The skeletal warrior hits you with a +0 battleaxe!!
* * * LOW HITPOINT WARNING * * *
The skeletal warrior hits you with a +0 trident!
* * * LOW HITPOINT WARNING * * *
The skeletal warrior hits you but does no damage.
You puncture the skeletal warrior! You headbutt the skeletal warrior.
The skeletal warrior is severely damaged.
You block the tengu warrior's attack. x3
The tengu warrior hits you with a +3 long sword.
* * * LOW HITPOINT WARNING * * *
The tengu warrior pecks you but does no damage.
The tengu warrior claws you but does no damage.
You miss the tengu warrior. You headbutt the tengu warrior!
The tengu warrior is moderately wounded.
You block the skeletal warrior's attack. x2
The skeletal warrior closely misses you.
The skeletal warrior barely misses you. You block the tengu warrior's attack.
The tengu warrior pecks you but does no damage.
The tengu warrior claws you but does no damage.
You barely miss the tengu warrior. The tengu warrior blocks your attack.
The tengu warrior is moderately wounded.
You block the tengu warrior's attack. x2
The tengu warrior claws you but does no damage.
The tengu warrior blocks your attack.
Your headbutt misses the tengu warrior.
The tengu warrior is moderately wounded.
You block the skeletal warrior's attack.
The skeletal warrior hits you with a +0 trident!
You die...

#.#...(....#
#........####..
...........# #...####.# .
...........# #.### .#
...........# #.######..
.....#.....######.#........
.........#.##...#.....# #.
##...#.....# #...Qzz....#
#...z@†....# #...Q.z..###
#.#.#...## #...#...# ...#
#.... ...# #..... ...
....... ## #.......


You could see 4 skeletal warriors and 2 tengu warriors.

Vanquished Creatures
  Gastronok (Lair:3)
  Kirke (Lair:3)
  A minotaur (Gauntlet)
  4 hydras
  Harold (D:11)
  3 catoblepae (Lair:5)
  3 two-headed ogres
  2 boulder beetles (D:13)
  A centaur warrior (D:13)
  10 death yaks (Lair:5)
  A skyshark (Lair:5)
  Amaemon (Lair:1)
  A skeletal warrior (D:13)
  A lindwurm (Lair:4)
  An orc knight (D:13)
  An ugly thing (D:13)
  5 manticores
  6 elephants (Lair:4)
  3 black mambas
  A torpor snail (Lair:3)
  5 orange demons
  6 cane toads
  2 gargoyles
  Maggie (D:9)
  4 rime drakes
  3 komodo dragons
  6 trolls
  12 blink frogs (Lair:5)
  A raiju (Gauntlet)
  4 flying skulls (Gauntlet)
  3 slime creatures
  Sigmund (D:3)
  5 wraiths
  2 shadows
  A vampire (D:12)
  53 yaks
  A basilisk (Lair:2)
  3 wyverns
  A steam dragon (D:9)
  2 vampire mosquitoes (D:12)
  A warg (D:11)
  3 acid dragons (D:11)
  14 water moccasins
  2 black bears (D:8)
  2 sky beasts (D:7)
  A swamp drake (Lair:3)
  7 orc warriors
  An ice beast (D:7)
  15 wolves
  2 ogres
  11 centaurs
  3 phantoms
  18 bullfrogs
  A gnoll sergeant (D:4)
  5 necrophages (Lair:2)
  10 scorpions
  5 wights (D:7)
  3 killer bees (D:10)
  3 howler monkeys
  2 hounds
  12 jellies
  2 gnoll boudas
  9 orc priests
  13 orc wizards
  Terence (D:5)
  4 iguanas
  2 sleepcaps
  Ijyb (D:3)
  A scorpion zombie (D:3)
  19 gnolls
  4 adders
  A shadow imp (D:8)
  3 white imps
  An adder zombie (D:3)
  3 worms
  35 orcs
  12 ball pythons
  10 endoplasms
  4 giant cockroaches
  10 goblins
  6 hobgoblins
  4 jackals (D:1)
  6 quokkas
  A ball python zombie (D:3)
  8 bats
  2 frilled lizards (D:2)
  4 kobolds
  5 rats
456 creatures vanquished.

Vanquished Creatures (others)
  A human (D:4)
1 creature vanquished.

Grand Total: 457 creatures vanquished

Notes
Turn   | Place    | Note
-------+----------+-------------------------------------------
     0 | D:1      | hbarley the Minotaur Fighter began the quest for the Orb.
     0 | D:1      | Reached XP level 1. HP: 19/19 MP: 0/0
   139 | D:1      | Reached XP level 2. HP: 27/27 MP: 1/1
   650 | D:1      | Reached skill level 1 in Polearms
   809 | D:2      | Reached skill level 3 in Axes
   809 | D:2      | Reached XP level 3. HP: 8/33 MP: 2/2
   947 | D:2      | You fall into a shaft and drop 2 floors!
   960 | D:4      | Noticed a scorpion
   965 | D:4      | Killed a scorpion
   966 | D:4      | Reached XP level 4. HP: 40/40 MP: 3/3
  1063 | D:4      | Noticed a phantom
  1079 | D:4      | Killed a phantom
  1080 | D:4      | Reached skill level 4 in Axes
  1080 | D:4      | Reached XP level 5. HP: 43/46 MP: 4/4
  1255 | D:4      | Reached skill level 5 in Axes
  1490 | D:2      | Reached XP level 6. HP: 45/52 MP: 5/5
  1922 | D:3      | Found a basalt altar of Yredelemnul.
  2179 | D:3      | Noticed Sigmund
  2191 | D:3      | Killed Sigmund
  2192 | D:3      | Reached skill level 6 in Axes
  2192 | D:3      | Reached skill level 5 in Armour
  2192 | D:3      | Reached skill level 1 in Dodging
  2408 | D:3      | Found a faded altar of an unknown god.
  2520 | D:3      | Noticed Ijyb
  2522 | D:3      | Paralysed by Ijyb for 5 turns
  2547 | D:3      | Killed Ijyb
  2748 | D:4      | Reached XP level 7. HP: 59/60 MP: 4/6
  2952 | D:4      | Reached skill level 7 in Axes
  3072 | D:4      | Found an ancient bone altar of Kikubaaqudgha.
  3073 | D:4      | Noticed a human
  3075 | D:4      | Killed a human
  3499 | D:5      | Entered Level 5 of the Dungeon
  3499 | D:5      | Found a staircase to the Ecumenical Temple.
  3538 | D:5      | Reached skill level 8 in Axes
  4231 | D:5      | Reached XP level 8. HP: 65/67 MP: 7/7
  4284 | Temple   | Entered the Ecumenical Temple
  4303 | Temple   | Became a worshipper of Uskayaw the Reveller
  4440 | D:5      | Found a glowing golden altar of the Shining One.
  4540 | D:5      | Reached * piety under Uskayaw
  4543 | D:5      | Reached ** piety under Uskayaw
  4547 | D:5      | Reached *** piety under Uskayaw
  4553 | D:5      | Reached **** piety under Uskayaw
  4560 | D:5      | Reached ***** piety under Uskayaw
  4624 | D:5      | Identified the +8 hand axe "Murmur" {freeze, Dex+3}
  4634 | D:5      | Identified the scarf of Quxid {rC+ rF+, rN++ Str+3 Dex-4}
  4807 | D:5      | Noticed Terence
  4810 | D:5      | Killed Terence
  4909 | D:6      | Found Boesokkoy's Jewellery Emporium.
  4909 | D:6      | Found Riettiel's Antique Weapon Emporium.
  4909 | D:6      | Found Tounoref's Jewellery Emporium.
  5114 | D:6      | Reached skill level 9 in Axes
  5188 | D:6      | Reached skill level 5 in Fighting
  5387 | D:6      | Found Iho Weic's CLEARANCE SALE!.
  5395 | D:6      | Bought a wand of polymorph (10) for 98 gold pieces
  5395 | D:6      | Bought a scroll of identify for 14 gold pieces
  5603 | D:6      | Noticed a two-headed ogre
  5610 | D:6      | Killed a two-headed ogre
  5611 | D:6      | Reached skill level 10 in Axes
  5611 | D:6      | Reached skill level 5 in Polearms
  5611 | D:6      | Reached skill level 1 in Stealth
  5611 | D:6      | Reached skill level 5 in Shields
  5611 | D:6      | Reached XP level 9. HP: 13/74 MP: 2/8
  5828 | D:6      | Found a shimmering blue altar of Sif Muna.
  5950 | D:6      | Found an ornate altar of the Wu Jian Council.
  6342 | D:7      | Reached skill level 11 in Axes
  6470 | D:7      | Found a faded altar of an unknown god.
  6975 | D:8      | Found an opulent altar of Gozag.
  6996 | D:8      | Noticed a troll
  7002 | D:8      | Reached skill level 12 in Axes
  7004 | D:8      | Killed a troll
  7053 | D:8      | Reached XP level 10. HP: 83/83 MP: 9/9
  7068 | D:8      | Reached ****** piety under Uskayaw
  7554 | D:8      | Found a staircase to the Lair.
  7661 | D:8      | Found Ylaejiag's Assorted Antiques.
  7837 | D:9      | Noticed Maggie
  7846 | D:9      | Killed Maggie
  8491 | D:9      | Reached skill level 5 in Stealth
  8679 | D:10     | Entered Level 10 of the Dungeon
  8692 | D:10     | Found a viscous altar of Jiyva.
  8797 | D:10     | Found an iron altar of Okawaru.
  8891 | D:10     | Noticed a two-headed ogre
  8899 | D:10     | Killed a two-headed ogre
  8900 | D:10     | Reached skill level 13 in Axes
  9161 | D:10     | Found a shimmering altar of Xom.
  9224 | D:10     | Noticed a gargoyle
  9234 | D:10     | Killed a gargoyle
  9489 | D:10     | Noticed a two-headed ogre
  9498 | D:10     | Killed a two-headed ogre
  9499 | D:10     | Reached XP level 11. HP: 79/91 MP: 10/10
  9735 | Lair:1   | Entered Level 1 of the Lair of Beasts
 10227 | Lair:1   | Noticed Amaemon
 10232 | Lair:1   | Reached skill level 10 in Polearms
 10241 | Lair:1   | Killed Amaemon
 11576 | Lair:3   | Found a staircase to the Snake Pit.
 11635 | Lair:3   | Noticed Gastronok
 11644 | Lair:3   | Killed Gastronok
 11727 | Lair:3   | Reached XP level 12. HP: 81/101 MP: 11/11
 11741 | Lair:3   | Reached skill level 14 in Axes
 11809 | Lair:3   | Got the Annotations on the Squall and Transformation
 11924 | Lair:3   | Noticed a four-headed hydra
 11932 | Lair:3   | Killed a four-headed hydra
 12234 | Lair:3   | Noticed Kirke
 12247 | Lair:3   | Killed Kirke
 12314 | Lair:3   | Found a staircase to the Swamp.
 12523 | Lair:4   | Noticed a four-headed hydra
 12523 | Lair:4   | Noticed a seven-headed hydra
 12532 | Lair:4   | Killed a four-headed hydra
 12543 | Lair:4   | Killed a seven-headed hydra
 12544 | Lair:4   | Reached skill level 5 in Dodging
 12864 | Lair:4   | Found a staircase to the Slime Pits.
 12865 | Lair:4   | Found a viscous altar of Jiyva.
 13011 | Lair:4   | Found a gate leading to a gauntlet.
 13020 | Gauntlet | Entered a Gauntlet
 13020 | Gauntlet | Found a transporter.
 13020 | Gauntlet | Found a transporter.
 13024 | Gauntlet | Found a transporter.
 13024 | Gauntlet | Found a transporter.
 13035 | Gauntlet | Found a transporter.
 13047 | Gauntlet | Found a transporter.
 13048 | Gauntlet | Noticed a death scarab
 13048 | Gauntlet | Found the +10 tower shield of Ignorance {rN+ Int-4}
 13052 | Gauntlet | Found a transporter.
 13052 | Gauntlet | Found a transporter.
 13118 | Gauntlet | Found a transporter.
 13131 | Gauntlet | Found a transporter.
 13203 | Gauntlet | Found a transporter.
 13220 | Gauntlet | Reached XP level 13. HP: 111/111 MP: 12/12
 13397 | Gauntlet | Found the +3 salamander hide armour {Flames, rFlCloud rF++
                  | rC--}
 13397 | Gauntlet | Noticed a minotaur
 13412 | Gauntlet | Killed a minotaur
 13647 | Lair:4   | Identified the +4 chain mail of the Komodo Dragon {+Inv rF+
                  | Str+2 Dex-4}
 14015 | Lair:4   | Reached skill level 15 in Axes
 14123 | Lair:5   | Entered Level 5 of the Lair of Beasts
 14655 | Lair:5   | Identified the +10 long sword "Joj Iluo" {vamp, rF+ rC+}
 15704 | Lair:5   | Reached skill level 10 in Armour
 16356 | D:11     | Found a shimmering blue altar of Sif Muna.
 16503 | D:11     | Reached XP level 14. HP: 119/119 MP: 13/13
 16575 | D:11     | Noticed Harold
 16584 | D:11     | Killed Harold
 16744 | D:11     | Identified the +9 ring mail of the Good {-Cast Fly rElec
                  | rPois Dex+3}
 16824 | D:11     | Found a staircase to the Orcish Mines.
 17064 | D:11     | Identified the +7 falchion of Johog {speed, *Rage rCorr
                  | Str+3 Int+7}
 17128 | D:11     | Reached skill level 10 in Fighting
 17569 | D:12     | Reached skill level 10 in Shields
 17570 | D:12     | Reached skill level 16 in Axes
 18154 | D:12     | Identified the ring "Mararil" {rElec rC- Will++ MP+9 Str+3}
 18516 | D:13     | HP: 6/121 [skeletal warrior/+0 trident (7)]
 18520 | D:13     | Slain by a skeletal warrior

Illustrated notes

Levels and vault maps discovered:
D:1:      dpeg_arrival_renting, layout_loops_ring, minmay_misc_feat_plants
D:2:      layout_rooms
D:3:      layout_loops_ring, nicolae_yredelemnul_corpse_copse,
          ebering_ecumenical_altar_rust, dreamdust_princess_corridor,
          uniq_sigmund, uniq_terence, uniq_ijyb
D:4:      layout_basic, tgw_kikubaaqudgha, serial_forest,
          infiniplex_forest_clump_large, infiniplex_forest_clump_tiny,
          infiniplex_forest_lined_3, infiniplex_forest_lined_corner,
          infiniplex_forest_clump_tiny, infiniplex_forest_straight_4,
          infiniplex_forest_lined_room_3, infiniplex_forest_clump_cross
D:5:      layout_loops_ring, nicolae_overflow_hidden_temple,
          minmay_temple_entry_overgrown
D:6:      layout_layer_cave, pdpol_wu_jian_five_deadly_venoms,
          mainiacjoe_overflow_brackets, nicolae_shop_distant_corner_stores,
          chequers_decorated_corner, nicolae_shop_clearance
D:7:      layout_cave_pools, serial_column_ruins, column_ruins_temple_circle,
          column_ruins_columns_corner, column_ruins_grid_1, column_ruins_grid_1,
          column_ruins_open_small, column_ruins_grid_1,
          chequers_serial_rivers_micro_e
D:8:      layout_basic, mainiacjoe_overflow_24_doors,
          grunt_lair_entry_orc_guard_hut, serial_shops,
          nicolae_shop_overgrown_old_shop, minmay_checkerbox
D:9:      layout_gridville, uniq_maggie
D:10:     layout_rooms, nicolae_overflow_crystal_walls,
          overflow_temple_1_default, enter_bailey_5, st_stairs_10,
          minmay_misc_feat_nine_boxes, interstate_on_off, jiyva_altar_1
D:11:     layout_irregular_city, david_orc_1_choice,
          nicolae_sif_muna_condensation, uniq_harold
D:12:     layout_cave_pods, einodemon_barbed_minivault
D:13:     lemuel_reptile_caves, layout_basic, david_vaults_3,
          ploomutoo_gammafunk_ghost_potion_laboratory
Temple:   eino_temple_water
Lair:1:   layout_gridlike, grunt_megastairs_3, uniq_amaemon
Lair:2:   layout_layer_cave, roderic_carrion_pond
Lair:3:   layout_chaotic_city, minmay_swamp_entry_reptiles, dummy_snake_entry,
          grunt_megastairs_1, uniq_kirke, uniq_gastronok
Lair:4:   layout_regular_city, nicolae_slime_entry_slimehenge,
          gauntlet_entry_generic, lemuel_fruit_tree
Lair:5:   evilmike_catoblepas_cave, layout_gridlike, minivault_24,
          patterned_corridor, infiniplex_staircase_pool

Skill      XL: |  1  2  3  4  5  6  7  8  9 10 11 12 13 14 |
---------------+-------------------------------------------+-----
Shields        | 4 5 6 7 9 10 | 10.5
Polearms       | 1 2 3 4 5 6 9 12 13 14 | 14.9
Armour         | 4 5 6 7 9 10 | 10.3
Axes           | 3 4 5 6 8 10 12 13 14 15 16 | 16.1
Fighting       | 4 5 6 7 9 10 | 10.1
Dodging        | 1 2 3 4 5 6 7 |  7.0
Stealth        | 1 3 5 6 7 8 |  8.6

Action                     |  1- 3 |  4- 6 |  7- 9 | 10-12 | 13-15 || total
---------------------------+-------+-------+-------+-------+-------++-------
  Melee: War axe           |    69 |   131 |    96 |       |       ||   296
         Headbutt          |     8 |    19 |    38 |   101 |    96 ||   262
         Hand axe          |       |       |    93 |    24 |       ||   117
         Lance             |       |       |       |   406 |   472 ||   878
  Evoke: Wand              |       |       |       |       |     2 ||     2
    Use: Scroll            |       |       |       |     2 |    11 ||    13
         Potion            |       |       |       |       |     2 ||     2
   Stab: Paralysed         |       |       |    17 |    27 |    38 ||    82
         Sleeping          |       |       |     1 |     1 |     2 ||     4
 Armour: Scale mail        |    43 |    43 |       |       |       ||    86
         Ring mail         |       |    11 |    61 |   122 |    61 ||   255
         Skin              |       |     1 |       |       |       ||     1
         Chain mail        |       |       |       |       |   118 ||   118
  Dodge: Dodged            |    43 |    71 |    79 |   283 |   194 ||   670
  Block: Buckler           |    18 |    29 |    37 |    75 |       ||   159
         Tower shield      |       |       |       |       |   560 ||   560
